[Event "Late-Titled-Tuesday-Blitz-January-16-2024"]
[Site "Chess.com"]
[Date "2024.01.16"]
[Round "6"]
[White "FairChess_on_YouTube"]
[Black "Angry_Twin"]
[Result "1/2-1/2"]
[WhiteElo "3097"]
[BlackElo "2977"]
[TimeControl "180+1"]
[EndTime "15:03:28 PST"]
[Termination "Game drawn - insufficient material"]

1. d4 Nf6 2. c4 e6 3. Nf3 d5 4.
Bg5 h6 5. Bxf6 Qxf6 6. e3 c5 7.
cxd5 exd5 8. Nc3 Be6 9. Bb5+ Nc6 10. Ne5 Rc8 11. Qa4 a6 12. Bxc6+ bxc6 13. Qxa6 cxd4 14.
exd4 Bd6 15. Nxd5 Qg5 16. Ne3 Bxe5 17. dxe5 Qxe5 18. Qa3 c5 19. Qa4+ Bd7 20. Qc2 Bb5 21.
Qf5 Qc7 22. Nd5 Qa5+ 23. b4 Qd8 24. a4 Bc6 25. Qe5+ Kf8 26. Rd1 Bxa4 27. Rd2 Qe8 28.
Qxe8+ Rxe8+ 29. Re2 Rxe2+ 30. Kxe2 cxb4 31. Rc1 Kg8 32. Rc8+ Kh7 33. Rxh8+ Kxh8 34. Nxb4 Bb5+ 35. Ke3 Kh7 36. f4 Bd7 37. Nd3 g5 38. g3 f6 39.
Nc5 Bf5 40. Kf3 h5 41. fxg5 fxg5 42. Ke3 Kg6 43. Kd4 h4 44. Ke5 hxg3 45. hxg3 Bg4 46.
Ne4 Bc8 47. Nd6 Bd7 48. Nc4 Bg4 49. Ne3 Bd7 50. Kd6 Bh3 51. Ke7 Bc8 52. Kd6 Bh3 53. Ke5 Bd7 54. Nd5 Bh3 55. Ne7+ Kh5 56. Nf5 Kg4 57.
Kf6 Bg2 58. Ne3+ Kxg3 59. Nxg2 Kxg2 60. Kxg5 1/2-1/2

[Event "Late-Titled-Tuesday-Blitz-January-16-2024"]
[Site "Chess.com"]
[Date "2024.01.16"]
[Round "6"]
[White "ChessicallyInclined"]
[Black "TangerineandLemon25"]
[Result "0-1"]
[WhiteElo "2714"]
[BlackElo "2623"]
[TimeControl "180+1"]
[EndTime "15:03:28 PST"]
[Termination "TangerineandLemon25 won by resignation"]

1. e4 c5 2. Nf3 d6 3. d4 cxd4 4. Nxd4 Nf6 5. Nc3 a6 6. Be2 e5 7. Nb3 Be7 8. Be3 O-O 9. g4 Be6 10. g5 Nfd7 11. Qd2 Nc6 12. O-O-O Rc8 13. f4 exf4 14.
Bxf4 Nce5 15. Nd5 Bxd5 16. exd5 Nb6 17. Bxe5 dxe5 18. h4 Qc7 19. Bf3 Rfd8 20. Kb1 Nc4 21. Qe2 a5 22. Nc1 Qb6 23. c3 Ba3 24. Nd3 a4 25.
Ka1 Bd6 26. Be4 a3 27. b3 Na5 28. Qd2 Rc7 29. h5 Rdc8 30. Rc1 Qxb3 31. Bf5 Rf8 32. g6 Qxd5 33. gxf7+ Rcxf7 34. Bg6 Rf2 35. Qxf2 Rxf2 36. Nxf2 hxg6 37. hxg6 Qd2 38. Nd1 0-1

[Event "Late-Titled-Tuesday-Blitz-January-16-2024"]
[Site "Chess.com"]
[Date "2024.01.16"]
[Round "6"]
[White "Zampronha1971"]
[Black "Mr_November18"]
[Result "0-1"]
[WhiteElo "2305"]
[BlackElo "2067"]
[TimeControl "180+1"]
[EndTime "15:03:28 PST"]
[Termination "Mr_November18 won by resignation"]

1. e4 c5 2. Nf3 d6 3. d4 cxd4 4. Nxd4 Nf6 5. Nc3 g6 6. Be3 Bg7 7. f3 O-O 8. Qd2 Nc6 9. Bc4 Bd7 10. O-O-O Rc8 11. Bb3 Nxd4 12. Bxd4 b5 13. a3 a5 14.
h4 b4 15. axb4 axb4 16. Nd5 Nxd5 17. Bxg7 Kxg7 18. exd5 Qa5 19. Qd4+ Kg8 20. h5 Ba4 21. hxg6 fxg6 22. Bxa4 Qxa4 23. Qe4 Rc7 24. Kd2 Rfc8 25. Rc1 Qa5 26. Rhd1 Qc5 27. Ke2 Qb5+ 28. Qd3 Rxc2+ 29. Rxc2 Rxc2+ 30. Kf1 Qxd3+ 31. Rxd3 Rxb2 32. Rd4 b3 33. Rb4 Rb1+ 34. Kf2 b2 35. Kg3 Kf7 36. Kg4 h6 37. g3 Kf6 38. f4 h5+ 0-1

[Event "Late-Titled-Tuesday-Blitz-January-16-2024"]
[Site "Chess.com"]
[Date "2024.01.16"]
[Round "6"]
[White "topce"]
[Black "Mikhail_Golubev"]
[Result "1-0"]
[WhiteElo "2373"]
[BlackElo "2517"]
[TimeControl "180+1"]
[EndTime "15:03:29 PST"]
[Termination "topce won on time"]

1. e4 c5 2. Nf3 d6 3. Bb5+ Bd7 4. a4 Nc6 5. O-O Nf6 6. Re1 a6 7. Bf1 g6 8. h3 Bg7 9. c3 O-O 10. d4 cxd4 11. cxd4 Nb4 12. d5 Rc8 13. Nc3 e6 14. Bf4 e5 15. Bg5 h6 16. Be3 a5 17. Nd2 Nh5 18. Nc4 Rxc4 19. Bxc4 Nf4 20. Bf1 f5 21. Kh2 fxe4 22. g3 Nfd3 23. Re2 h5 24. Nxe4 h4 25. Bg5 hxg3+ 26. fxg3 Qb6 27. Be3 Qd8 28. Bg2 Bf5 29.
Rd2 Bxe4 30. Bxe4 Nc5 31. Bxc5 dxc5 32. d6 Kh8 33. d7 c4 34. Qg4 Qf6 35. Qh4+ 1-0

[Event "Late-Titled-Tuesday-Blitz-January-16-2024"]
[Site "Chess.com"]
[Date "2024.01.16"]
[Round "6"]
[White "GMJustin"]
[Black "j_coca"]
[Result "0-1"]
[WhiteElo "2337"]
[BlackElo "2523"]
[TimeControl "180+1"]
[EndTime "15:03:29 PST"]
[Termination "j_coca won on time"]

1. e4 g6 2. d4 Bg7 3. Nc3 d6 4. Be3 Nc6 5. Nf3 Bg4 6. d5 Ne5 7. Be2 Nxf3+ 8. gxf3 Bd7 9. Qd2 e5 10. h4 a6 11. h5 f5 12. f4 Nf6 13. h6 Bf8 14.
fxe5 dxe5 15. exf5 Bxf5 16. O-O-O Bd6 17. f4 O-O 18.
fxe5 Bxe5 19. Bd4 Bd6 20. Bd3 Ng4 21. Bxf5 Rxf5 22. Kb1 Qg5 23. Qe2 Ne5 24. Ne4 Qe7 25. Rdf1 Raf8 26. Rxf5 Rxf5 27. Rf1 Nd7 28. Rxf5 gxf5 29.
Qg2+ Kf8 30. Qg7+ Qxg7 31. hxg7+ Kg8 32. Ng5 Be5 33. Bxe5 Nxe5 34. Ne6 f4 35. Nxf4 Kxg7 36. Ne6+ Kf6 37. Nxc7 h5 38. Kc1 h4 39. d6 h3 40.
d7 Nxd7 41. Nd5+ Ke5 42. Ne3 Kf4 43. Nf1 Kf3 44. Kd2 Kf2 45. Ne3 Ne5 0-1

[Event "Late-Titled-Tuesday-Blitz-January-16-2024"]
[Site "Chess.com"]
[Date "2024.01.16"]
[Round "6"]
[White "Mariia89"]
[Black "GiorgianBarbosa"]
[Result "0-1"]
[WhiteElo "2214"]
[BlackElo "2479"]
[TimeControl "180+1"]
[EndTime "15:03:29 PST"]
[Termination "GiorgianBarbosa won on time"]

1. d4 Nf6 2. Nf3 g6 3. c4 Bg7 4.
Nc3 O-O 5. e4 d6 6. Be2 Nbd7 7.
O-O e5 8. Re1 c6 9. Bf1 Re8 10.
Rb1 a5 11. b3 exd4 12. Nxd4 Nc5 13. f3 Qb6 14. Be3 Nh5 15. a3 Qc7 16. b4 axb4 17.
axb4 Ne6 18. g3 Ra3 19. Qd2 Qe7 20. Red1 Rxc3 21. Qxc3 c5 22. bxc5 dxc5 23. Nc6 bxc6 24. Qa3 Nd4 25. Bg2 f5 26. Bf2 fxe4 27. fxe4 Bg4 28. Rd3 Be2 29. Rd2 Bxc4 30. Rc1 Ne2+ 31. Rxe2 Bxe2 32. Bxc5 Qf7 33. Rc2 Bb5 34. Rf2 Qe6 35.
e5 Bxe5 0-1

[Event "Late-Titled-Tuesday-Blitz-January-16-2024"]
[Site "Chess.com"]
[Date "2024.01.16"]
[Round "6"]
[White "th3d4rkness"]
[Black "MathiasWomacka"]
[Result "0-1"]
[WhiteElo "2100"]
[BlackElo "2546"]
[TimeControl "180+1"]
[EndTime "15:03:30 PST"]
[Termination "MathiasWomacka won by resignation"]

1. d4 Nf6 2. c4 e6 3. Nc3 Bb4 4. Qb3 c5 5. a3 Bxc3+ 6. bxc3 Nc6 7. Nf3 d6 8. e3 O-O 9. Be2 e5 10. O-O b6 11. a4 Bg4 12. d5 Na5 13. Qa2 e4 14.
Ne1 Bxe2 15. Qxe2 Nd7 16. f4 exf3 17. Nxf3 Qe7 18. Bd2 Qe4 19. Ng5 Qxc4 20. Qh5 Qd3 21. e4 h6 22. Nxf7 Qxd2 23. Rf2 Qe3 24. Rf1 Nf6 25.
Nxh6+ Qxh6 26. Qf5 Rae8 27. Kh1 Nc4 28. e5 Rxe5 29.
Qd3 Ne3 30. Rg1 Neg4 0-1

[Event "Late-Titled-Tuesday-Blitz-January-16-2024"]
[Site "Chess.com"]
[Date "2024.01.16"]
[Round "6"]
[White "chegueps"]
[Black "xakevicius91"]
[Result "1/2-1/2"]
[WhiteElo "2682"]
[BlackElo "2536"]
[TimeControl "180+1"]
[EndTime "15:03:32 PST"]
[Termination "Game drawn by repetition"]

1. d4 Nf6 2. c4 e6 3. Nc3 Bb4 4. e3 c5 5. Ne2 cxd4 6. exd4 d5 7.
c5 O-O 8. a3 Ba5 9. b4 Bc7 10.
Ng3 e5 11. Be2 Nc6 12. Nb5 Nxd4 13. Nxd4 exd4 14. Bb2 Re8 15. O-O Ne4 16. Bxd4 Nxg3 17. hxg3 Bf5 18. Bf3 Be4 19. Re1 Qg5 20. Bxe4 dxe4 21.
Be3 Qg6 22. Qd7 Rac8 23. Rad1 h5 24. Qb5 h4 25. gxh4 Qg4 26. Rd7 Red8 27. Rxd8+ Rxd8 28. Qxb7 Rd1 29. Kf1 Be5 30. g3 Qh3+ 31. Ke2 Qg4+ 32. Kf1 Qh3+ 33. Ke2 Qg4+ 34. Kf1 1/2-1/2

[Event "Late-Titled-Tuesday-Blitz-January-16-2024"]
[Site "Chess.com"]
[Date "2024.01.16"]
[Round "6"]
[White "chessisveryfun1264"]
[Black "LikeWater"]
[Result "0-1"]
[WhiteElo "2583"]
[BlackElo "2794"]
[TimeControl "180+1"]
[EndTime "15:03:33 PST"]
[Termination "LikeWater won by resignation"]

1. Nf3 e6 2. c4 d5 3. d4 Nf6 4. g3 Be7 5. Bg2 O-O 6. O-O dxc4 7. a4 Bd7 8. Nbd2 c5 9. Nxc4 Nc6 10. Bf4 Nd5 11.
Bd6 cxd4 12. Nxd4 Rc8 13. e4 Nb6 14. Nxb6 Qxb6 15. Nb5 Rfd8 16. Qh5 a6 17. Bxe7 Nxe7 18. Nc3 Qxb2 19. Ne2 b5 20. axb5 Bxb5 21. Rfe1 Rd2 22. Rab1 Bxe2 23. Qg5 Qd4 24. Qxe7 Bd3 25. Rf1 Bxb1 26.
Qb7 Rcc2 27. Qxb1 g6 28. Qb8+ Kg7 29. Qf4 e5 30. Qf3 a5 31. h4 h5 32. g4 hxg4 33.
Qg3 a4 34. Kh1 Rxf2 35. Rxf2 Qxf2 36. Qxe5+ Kh7 0-1

[Event "Late-Titled-Tuesday-Blitz-January-16-2024"]
[Site "Chess.com"]
[Date "2024.01.16"]
[Round "6"]
[White "NovakRatko"]
[Black "KamilGrycel"]
[Result "1-0"]
[WhiteElo "2328"]
[BlackElo "2507"]
[TimeControl "180+1"]
[EndTime "15:03:33 PST"]
[Termination "NovakRatko won by resignation"]

1. d4 d6 2. c4 e5 3. d5 a5 4. e4 Na6 5. f4 exf4 6. Bxf4 Nc5 7. Nc3 g6 8. e5 dxe5 9. Bxe5 Qe7 10. Qe2 f6 11.
Bxc7 Nd3+ 12. Kd2 Ne5 13. Nb5 Bh6+ 14. Kd1 Bg4 15. Nf3 Kd7 16. Nxe5+ fxe5 17. Qxg4+ Ke8 18. Qe6 Qxe6 19. dxe6 Ke7 20. Bxe5 Nf6 21. Bd3 Rad8 22. Kc2 Kxe6 23. Rae1 Rhf8 24. Bc7+ Kf7 25. Bxd8 Rxd8 26. Rhf1 Bg7 27. Be4 b6 28. Bd5+ Kf8 29. g4 h6 30.
Nc7 Rd6 31. Ne6+ Kf7 32. Nxg7+ Kxg7 33. Re7+ Kf8 34. Re6 Rxe6 35. Bxe6 Ke7 36. Bc8 Ne4 37. Re1 Kd8 38. Rxe4 1-0

[Event "Late-Titled-Tuesday-Blitz-January-16-2024"]
[Site "Chess.com"]
[Date "2024.01.16"]
[Round "6"]
[White "NikolaGry"]
[Black "DeArron_Fox"]
[Result "1-0"]
[WhiteElo "2752"]
[BlackElo "2455"]
[TimeControl "180+1"]
[EndTime "15:03:35 PST"]
[Termination "NikolaGry won by resignation"]

1. d4 d5 2. Bg5 c5 3. c3 Nc6 4.
Nf3 Qb6 5. Bc1 Bg4 6. e3 e5 7. dxe5 Nxe5 8. Nbd2 Nf6 9. Qb3 Nxf3+ 10. Nxf3 c4 11.
Qa4+ Bd7 12. Qc2 Bd6 13. g3 Ne4 14. Bg2 h6 15. Nd4 O-O 16. O-O Rfe8 17. Rd1 Rad8 18. b3 cxb3 19. axb3 Be5 20. c4 Bg4 21. f3 Bxd4 22.
exd4 Bf5 23. fxe4 dxe4 24. Be3 Qg6 25. Rxa7 b5 26. d5 bxc4 27. bxc4 h5 28. Qf2 Bg4 29.
Rf1 f5 30. Bd4 e3 31. Qf4 e2 32. Re1 Rf8 33. Rxg7+ Qxg7 34. Bxg7 Kxg7 35. h3 1-0

[Event "Late-Titled-Tuesday-Blitz-January-16-2024"]
[Site "Chess.com"]
[Date "2024.01.16"]
[Round "6"]
[White "smotherhubbard"]
[Black "stregachess"]
[Result "1-0"]
[WhiteElo "2337"]
[BlackElo "2062"]
[TimeControl "180+1"]
[EndTime "15:03:38 PST"]
[Termination "smotherhubbard won on time"]

1. d4 Nf6 2. c4 e5 3. dxe5 Ne4 4. Nf3 Bb4+ 5. Nbd2 Nc6 6. a3 Bxd2+ 7. Bxd2 Nxd2 8.
Qxd2 Qe7 9. Qf4 O-O 10. O-O-O Re8 11. Rd5 a5 12. e3 b6 13. Bd3 h6 14. h4 Qe6 15. Bf5 Qe7 16. Rh3 Nd8 17. Rg3 Kh8 18. Qg4 Ne6 19. Qh5 Bb7 20. Ng5 Rf8 21. Rd2 d6 22.
exd6 cxd6 23. Bxe6 fxe6 24. Qg6 hxg5 25. hxg5 Rf5 26. Rh3+ Kg8 27. Qh7+ Kf7 28. Qh5+ Kf8 29. e4 Bxe4 30. g4 Rxg5 31. Qh8+ Kf7 32. Qh4 1-0

[Event "Late-Titled-Tuesday-Blitz-January-16-2024"]
[Site "Chess.com"]
[Date "2024.01.16"]
[Round "6"]
[White "secretsuperstar7"]
[Black "imdarealist"]
[Result "1/2-1/2"]
[WhiteElo "2494"]
[BlackElo "2293"]
[TimeControl "180+1"]
[EndTime "15:03:40 PST"]
[Termination "Game drawn by repetition"]

1. c4 e5 2. Nc3 Nc6 3. g3 Bc5 4. Bg2 Nf6 5. d3 d6 6. Nf3 O-O 7. O-O Bg4 8. a3 a5 9. Rb1 Re8 10. Ne1 Bh5 11. Nc2 Nd4 12. Bxb7 Rb8 13. Bg2 Qd7 14.
Bg5 Qf5 15. Bxf6 Qxf6 16. Ne4 Qe7 17. Nxc5 dxc5 18. f3 Qd6 19. e3 Nc6 20. Qd2 Rb3 21. Rfc1 Rxd3 22. Qe1 Rd8 23. Bf1 Rd2 24. Be2 Qf6 25.
g4 Bg6 26. e4 Nd4 27. Nxd4 R8xd4 28. Rd1 Rxd1 29. Rxd1 Qf4 30. Qxa5 Qe3+ 31. Kf1 h5 32. h3 hxg4 33. hxg4 Bxe4 34. fxe4 Qh3+ 35. Kf2 Qh2+ 36. Kf1 Qh1+ 37. Kf2 Qh2+ 38. Kf1 Qh3+ 39. Kf2 Qh2+ 1/2-1/2

[Event "Late-Titled-Tuesday-Blitz-January-16-2024"]
[Site "Chess.com"]
[Date "2024.01.16"]
[Round "6"]
[White "dretch"]
[Black "Ajedrecista3000"]
[Result "1-0"]
[WhiteElo "2786"]
[BlackElo "2581"]
[TimeControl "180+1"]
[EndTime "15:03:41 PST"]
[Termination "dretch won on time"]

1. a4 e5 2. a5 d5 3. e3 Nf6 4. d4 exd4 5. exd4 c5 6. a6 Nxa6 7. Bb5+ Bd7 8. Bxa6 bxa6 9. Ne2 Be7 10. Nbc3 O-O 11.
O-O Bb5 12. Re1 Re8 13. Bg5 h6 14. Bh4 c4 15. Qd2 Rb8 16. Ng3 Bd7 17. Rxe7 Rxe7 18. Bxf6 gxf6 19. Nxd5 Re6 20. Nf5 Rb5 21. Qf4 Qf8 22.
Nde3 Kh7 23. Nxc4 Kh8 24. Nfe3 Rg5 25. h4 Rb5 26. d5 Re8 27. Rxa6 Qg7 28. Rxf6 Rf8 29.
Rxh6+ Kg8 30. Rf6 Rb4 31. h5 1-0

[Event "Late-Titled-Tuesday-Blitz-January-16-2024"]
[Site "Chess.com"]
[Date "2024.01.16"]
[Round "6"]
[White "Roedor"]
[Black "TheMagician"]
[Result "1-0"]
[WhiteElo "2350"]
[BlackElo "2150"]
[TimeControl "180+1"]
[EndTime "15:03:41 PST"]
[Termination "Roedor won on time"]

1. e4 e5 2. Bc4 Nc6 3. Nf3 Nf6 4. d3 Bc5 5. c3 a6 6. Nbd2 Ba7 7. Bb3 h6 8. Nf1 d6 9. Ng3 Bd7 10. O-O Qe7 11. Re1 O-O-O 12. d4 exd4 13. cxd4 Rhe8 14. h3 g5 15. e5 dxe5 16. dxe5 Ng8 17. Qe2 g4 18.
hxg4 Bxg4 19. Be3 Nd4 20. Bxd4 Bxd4 21. Qe4 Bxf3 22. gxf3 Qg5 23. Qf5+ Kb8 24. Qxg5 hxg5 25. Bxf7 Rxe5 26. Rxe5 Bxe5 27. Ne4 Nh6 28. Be6 Bxb2 29. Rb1 Bd4 30. Nxg5 Rd6 31. f4 Bf6 32. Bh3 Bxg5 33. fxg5 Nf7 34. f4 1-0

[Event "Late-Titled-Tuesday-Blitz-January-16-2024"]
[Site "Chess.com"]
[Date "2024.01.16"]
[Round "6"]
[White "Njal28"]
[Black "iulik86"]
[Result "1-0"]
[WhiteElo "3009"]
[BlackElo "2600"]
[TimeControl "180+1"]
[EndTime "15:03:45 PST"]
[Termination "Njal28 won by checkmate"]

1. d4 d5 2. c4 e6 3. g3 Nf6 4. Bg2 Bb4+ 5. Nc3 O-O 6. Nf3 dxc4 7. O-O Nc6 8. a3 Ba5 9. Qa4 Bb6 10. Rd1 Na5 11. Bg5 Bd7 12. Qc2 Bc6 13. e4 h6 14. Bh4 Qe8 15. Bxf6 gxf6 16. Qd2 Kg7 17. Qf4 Qe7 18. d5 Bd7 19. e5 f5 20. d6 cxd6 21.
exd6 Qf6 22. Ne5 Rad8 23. Nxc4 Nxc4 24. Qxc4 Rc8 25. Qd3 Bc6 26. d7 Rcd8 27. Bxc6 bxc6 28. Na4 f4 29. Nxb6 axb6 30. Rac1 c5 31. Rc4 e5 32.
Ra4 Qe6 33. Ra7 e4 34. Qc3+ Kh7 35. Qc2 Rg8 36. b4 f5 37. bxc5 bxc5 38. Qxc5 e3 39. Qc2 e2 40. Re1 f3 41. Qd3 Qe4 42. Qd6 Rg7 43. Ra6 Rdxd7 44. Qxh6+ Kg8 45. Re6 Qd4 46. Re8+ Kf7 47. Qe6# 1-0

[Event "Late-Titled-Tuesday-Blitz-January-16-2024"]
[Site "Chess.com"]
[Date "2024.01.16"]
[Round "6"]
[White "maximnovik"]
[Black "Mops_2004"]
[Result "1-0"]
[WhiteElo "2548"]
[BlackElo "2675"]
[TimeControl "180+1"]
[EndTime "15:03:45 PST"]
[Termination "maximnovik won by resignation"]

1. e4 c6 2. d4 d5 3. Nc3 dxe4 4.
Nxe4 Nf6 5. Nxf6+ exf6 6. c3 Bd6 7. Bd3 O-O 8. Ne2 Re8 9. O-O Na6 10. Bf4 Nc7 11.
Qd2 Nd5 12. Bxd6 Qxd6 13. Rfe1 Bd7 14. Ng3 Qf4 15. Qxf4 Nxf4 16. Bf1 f5 17. Bc4 h5 18. Nf1 h4 19. Nd2 b5 20. Bf1 g5 21. Nb3 Be6 22. Nc5 Bc4 23. Bxc4 bxc4 24. Kf1 Rxe1+ 25. Rxe1 Rb8 26. b3 cxb3 27. axb3 h3 28. g3 Ne6 29.
b4 Nxc5 30. dxc5 Kg7 31. Ra1 Rd8 32. Ke2 Re8+ 33. Kd3 g4 34. Rxa7 Re1 35. b5 cxb5 36.
c6 Re6 37. c7 Rc6 38. Kd4 Rc4+ 39. Kd5 Rxc3 40. Kd6 Kf6 41. Kd7 Rd3+ 42. Kc8 Ke5 43. Kb8 Rc3 44. c8=Q Rxc8+ 45. Kxc8 Ke4 46. Ra3 f4 47.
Kd7 fxg3 48. Rxg3 f5 49. Ke6 b4 50. Rb3 f4 51. Rxb4+ Kf3 52. Kf5 g3 53. Rxf4+ Kg2 54.
hxg3 h2 55. Rh4 1-0

[Event "Late-Titled-Tuesday-Blitz-January-16-2024"]
[Site "Chess.com"]
[Date "2024.01.16"]
[Round "6"]
[White "BozeKat"]
[Black "shirovin"]
[Result "1-0"]
[WhiteElo "2100"]
[BlackElo "1992"]
[TimeControl "180+1"]
[EndTime "15:03:45 PST"]
[Termination "BozeKat won by checkmate"]

1. d4 d5 2. c4 Nf6 3. cxd5 Nxd5 4. e4 Nb6 5. Nf3 g6 6. a4 a5 7. h3 Bg7 8. Be2 O-O 9. O-O Nc6 10. Be3 Nb4 11. Nc3 c6 12. Na2 Nxa2 13. Rxa2 Be6 14.
Ra3 Nc4 15. Bxc4 Bxc4 16. Re1 Qb6 17. Qc2 Ba6 18. Rb3 Qc7 19. d5 Rac8 20. Rc1 Rfd8 21.
Bd4 Rd7 22. Bxg7 Kxg7 23. Rc3 Rd6 24. Nd4 e5 25. Nb5 Bxb5 26. axb5 Qb6 27. bxc6 bxc6 28. Rxc6 Rdxc6 29. dxc6 Rc7 30. Qc3 f6 31. Qc4 h5 32.
b3 Kh6 33. h4 Kg7 34. g3 Qb8 35. Rd1 Qa7 36. Qe6 Re7 37. Rd7 Rxd7 38. cxd7 Qd4 39. Qe7+ Kh6 40. Qf8+ Kh7 41. d8=Q Qxe4 42.
Qh8# 1-0

[Event "Late-Titled-Tuesday-Blitz-January-16-2024"]
[Site "Chess.com"]
[Date "2024.01.16"]
[Round "6"]
[White "Durarbayli"]
[Black "NikoTheodorou"]
[Result "0-1"]
[WhiteElo "2860"]
[BlackElo "3076"]
[TimeControl "180+1"]
[EndTime "15:03:46 PST"]
[Termination "NikoTheodorou won on time"]

1. e4 b6 2. d4 Bb7 3. Bd3 d6 4.
Nf3 Nd7 5. O-O e5 6. c4 Ngf6 7. Nc3 g6 8. h3 Bg7 9. Re1 O-O 10. Bg5 exd4 11. Nxd4 Re8 12. Bc2 Nc5 13. Nd5 Re5 14. Bh4 c6 15. Nc3 Qc7 16. b4 Ne6 17. Nf3 Rh5 18. Bg3 Rd8 19. Qd3 Nd7 20. Bxd6 Ne5 21. Bxc7 Nxd3 22. Bxd8 Nxe1 23. Rxe1 Bxc3 24. Rd1 Bxb4 25.
Bf6 Ra5 26. c5 Bxc5 27. Bb3 Bf8 28. Ne5 Bg7 29. Nxf7 Bxf6 30. Bxe6 Kf8 31. Rd7 Bc8 32. Nd8 Bxd7 33. Bxd7 Bxd8 0-1

[Event "Late-Titled-Tuesday-Blitz-January-16-2024"]
[Site "Chess.com"]
[Date "2024.01.16"]
[Round "6"]
[White "Maect19"]
[Black "Championnn-9"]
[Result "0-1"]
[WhiteElo "2360"]
[BlackElo "2536"]
[TimeControl "180+1"]
[EndTime "15:03:46 PST"]
[Termination "Championnn-9 won by checkmate"]

1. Nf3 Nf6 2. c4 e6 3. Nc3 d5 4. e3 Nbd7 5. b3 Be7 6. Bb2 O-O 7. d4 c6 8. Bd3 b6 9. O-O Bb7 10. e4 dxe4 11. Nxe4 Nxe4 12. Bxe4 Nf6 13. Bc2 Qc7 14.
Qe2 a5 15. a4 Rad8 16. Rad1 Rfe8 17. Rfe1 Bb4 18. Rf1 Qe7 19. Ne5 c5 20. Nd3 cxd4 21. Nxb4 Qxb4 22. Rxd4 Rxd4 23. Bxd4 e5 24. Bb2 Qc5 25.
Re1 h5 26. Qe3 Qc6 27. f3 Ng4 28. Qe4 Qc5+ 29. Bd4 Bxe4 30. Bxc5 Bxc2 31. Bxb6 Nf6 32. Bxa5 Bxb3 33. Bc7 e4 34. a5 Bxc4 35. Rc1 Bd3 36. fxe4 Rxe4 37. Rd1 Bb5 38. Rb1 Ba6 39. Rb6 Re6 40.
Rb8+ Kh7 41. Bb6 Ng4 42. g3 Re1+ 43. Kg2 Re2+ 44. Kf3 Nxh2+ 45. Kf4 f6 46. Ra8 Bd3 47. Be3 g5# 0-1

[Event "Late-Titled-Tuesday-Blitz-January-16-2024"]
[Site "Chess.com"]
[Date "2024.01.16"]
[Round "6"]
[White "MeisterJabo"]
[Black "Lennis93"]
[Result "1-0"]
[WhiteElo "2319"]
[BlackElo "2695"]
[TimeControl "180+1"]
[EndTime "15:03:48 PST"]
[Termination "MeisterJabo won by checkmate"]

1. c4 c5 2. g3 g6 3. Bg2 Bg7 4. Nc3 Nc6 5. a3 Nh6 6. Rb1 a5 7. e4 d6 8. Nge2 Ng4 9. d3 h5 10. h3 Nge5 11. f4 Nd7 12. Be3 Nd4 13. O-O Nb8 14.
Nb5 Nxb5 15. cxb5 a4 16. d4 cxd4 17. Bxd4 e5 18. fxe5 dxe5 19. Bc5 Qxd1 20. Rbxd1 Be6 21. Nc3 Nd7 22. Be3 Bb3 23. Rd2 O-O 24. Rxd7 Rab8 25.
Nd5 Bc4 26. Rc1 Bxb5 27. Rdc7 Kh8 28. h4 f5 29. Ne7 Kh7 30. exf5 gxf5 31. Bh3 f4 32.
Bf5+ Kh6 33. gxf4 e4 34. Bg6 Bxb2 35. f5+ Kg7 36. Nd5+ Kg8 37. Rb1 Be5 38. Rxb5 Bxc7 39. Nxc7 Rfc8 40. Bf4 Rd8 41. Re5 Rd1+ 42. Kf2 Rd3 43.
Rxe4 Rxa3 44. Re7 Ra2+ 45. Kf3 Ra3+ 46. Ke4 Rd8 47. Be5 Rb3 48. Rg7+ Kf8 49. Ne6# 1-0

[Event "Late-Titled-Tuesday-Blitz-January-16-2024"]
[Site "Chess.com"]
[Date "2024.01.16"]
[Round "6"]
[White "lucliasco"]
[Black "DraningWaterHi"]
[Result "1-0"]
[WhiteElo "2865"]
[BlackElo "2244"]
[TimeControl "180+1"]
[EndTime "15:03:49 PST"]
[Termination "lucliasco won by checkmate"]

1. d4 Nf6 2. Nf3 g6 3. Bg5 Bg7 4. Bxf6 exf6 5. e3 f5 6. h4 h5 7. c4 O-O 8. Nc3 d6 9. Be2 c6 10. O-O d5 11. cxd5 cxd5 12. Qb3 Be6 13. Qxb7 Nd7 14.
Rab1 Qa5 15. Qb5 Qxb5 16. Nxb5 Rfc8 17. Rfc1 a6 18. Nc7 Ra7 19. Nxa6 Rxc1+ 20. Rxc1 Nb6 21. a3 Nc4 22. Bxc4 dxc4 23. Nc5 Bd5 24. Nd2 Bf8 25. Nxc4 Be7 26. g3 Rc7 27. b4 g5 28. hxg5 Bxg5 29. Nb6 Bf3 30. d5 Bd8 31. d6 Ra7 32. Nc4 h4 33. gxh4 Bxh4 34. d7 Kg7 35. Ne5 Ba8 36. Rd1 Rxa3 37. d8=Q Bxd8 38. Rxd8 Ra1+ 39. Kh2 Bh1 40. Rd7 Kf6 41. f4 Kg7 42. Rxf7+ Kh6 43.
Rf6+ Kh5 44. Rxf5+ Kh4 45. Ng6+ Kg4 46. Rg5+ Kf3 47.
Rg1 Ra2+ 48. Kxh1 Ra7 49. Nh4+ Kf2 50. Rg4 Ra1+ 51. Kh2 Kxe3 52. f5 Ra2+ 53. Ng2+ Kf2 54. Rf4+ Ke2 55. f6 Ra8 56. f7 Rh8+ 57. Kg3 Kd1 58. Ne6 Rf8 59. Nxf8 Kc1 60. Rf2 Kb1 61. b5 Ka1 62. b6 Kb1 63. b7 Ka1 64. Ne3 Kb1 65.
b8=Q+ Ka1 66. Qb2# 1-0

[Event "Late-Titled-Tuesday-Blitz-January-16-2024"]
[Site "Chess.com"]
[Date "2024.01.16"]
[Round "6"]
[White "MITerryble"]
[Black "Polish_fighter3000"]
[Result "0-1"]
[WhiteElo "3032"]
[BlackElo "3113"]
[TimeControl "180+1"]
[EndTime "15:03:50 PST"]
[Termination "Polish_fighter3000 won on time"]

1. d4 Nf6 2. Bg5 c5 3. dxc5 e6 4. Nd2 Bxc5 5. e3 d5 6. Ngf3 h6 7.
Bh4 Nbd7 8. Bd3 Qb6 9. Rb1 g5 10.
Bg3 Nh5 11. O-O Nxg3 12. hxg3 g4 13. Nh4 Ne5 14. e4 d4 15. Nb3 Bd7 16. Nxc5 Qxc5 17. Qd2 O-O-O 18. Kh2 Kb8 19. b4 Qc7 20. b5 h5 21. a4 Qc5 22. Qf4 Ka8 23. Rfd1 Rc8 24. Qf6 Rhd8 25. Qh6 Be8 26. Kh1 Nxd3 27. cxd3 Qc2 28.
Kg1 Qxa4 29. b6 a6 30. Qxh5 Rc3 31. Qxg4 Bb5 32. Ra1 Qb4 33. Qg5 Rdc8 34. Qf4 Bxd3 35. Nf3 Qxb6 36. Rd2 Bb5 37. Rxd4 Rxf3 0-1

[Event "Late-Titled-Tuesday-Blitz-January-16-2024"]
[Site "Chess.com"]
[Date "2024.01.16"]
[Round "6"]
[White "sina101"]
[Black "GothamChess"]
[Result "0-1"]
[WhiteElo "2538"]
[BlackElo "2756"]
[TimeControl "180+1"]
[EndTime "15:03:51 PST"]
[Termination "GothamChess won by resignation"]

1. e4 d5 2. exd5 Qxd5 3. Nf3 Nf6 4. Nc3 Qa5 5. Be2 Bf5 6. O-O e6 7. a3 c6 8. d4 Bd6 9. Bg5 Nbd7 10. b4 Qc7 11. Re1 O-O 12. h3 h6 13. Be3 Nd5 14.
Nxd5 cxd5 15. Bd3 Bxd3 16. cxd3 a5 17. b5 a4 18. Qd2 Kh7 19. Rec1 Qb6 20. Qb2 Qa5 21.
Rc2 Rfc8 22. Rac1 Qd8 23. g3 Nb6 24. Kg2 f6 25. Bd2 Qe7 26. Rc3 Rxc3 27. Rxc3 Rc8 28. Bc1 Qd7 29. Rxc8 Nxc8 30. Ne1 Na7 31. b6 Nb5 32.
Nc2 Qc6 33. Nb4 Qxb6 34. Bd2 Qxd4 35. Qxd4 Nxd4 36. Kf1 Nc6 37. Nxc6 bxc6 38. Bc1 Bc5 39. Ke2 e5 40. f3 Kg6 41. Kd2 Kf5 42. Kc3 Ke6 43. Kd2 g6 44. Ke2 h5 45. Kd2 f5 46. Ke2 e4 47. fxe4 fxe4 48. dxe4 dxe4 49. Bb2 Kd5 50. g4 hxg4 51. hxg4 Kc4 52. Kd2 Kb3 0-1

[Event "Late-Titled-Tuesday-Blitz-January-16-2024"]
[Site "Chess.com"]
[Date "2024.01.16"]
[Round "6"]
[White "ThaBarWa"]
[Black "SEBAZZANO"]
[Result "1-0"]
[WhiteElo "2392"]
[BlackElo "2227"]
[TimeControl "180+1"]
[EndTime "15:03:52 PST"]
[Termination "ThaBarWa won by resignation"]

1. e4 e6 2. d4 d5 3. e5 b6 4.
Nf3 Qd7 5. c3 Ba6 6. Bxa6 Nxa6 7. O-O c5 8. a3 Ne7 9. b4 c4 10.
a4 Nc7 11. Na3 a6 12. Nc2 Ng6 13. h4 Ne7 14. h5 h6 15. g4 Nc6 16. Nh4 Be7 17.
Ng2 Na7 18. f4 O-O-O 19. b5 a5 20. Nce3 g6 21. hxg6 fxg6 22. Ba3 Bxa3 23. Rxa3 Rdg8 24. Ra2 Kb7 25. Raf2 Nc8 26. Qf3 Ne7 27. Nxc4 Ka7 28.
Nd6 Nc8 29. Nxc8+ Qxc8 30. Ne3 h5 31. g5 Qd7 32. Rc1 Rc8 33. Rfc2 Ne8 34. c4 dxc4 35. Rxc4 Ng7 36. d5 exd5 37. Qxd5 Qh3 38. Rc7+ 1-0